 Dungeon Crawl Stone Soup version 0.29-a0-559-g359e09b9d1 (webtiles) character file.

Game seed: 16296261338593019715

80 mandarbmax the Shooter (level 4, -25/35 HPs)
             Began as a Meteoran Wanderer on June 10, 2022.
             Annihilated by an ogre
             ... wielding a +0 giant spiked club
              (34 damage)
             ... on level 3 of the Dungeon.
             The game lasted 00:06:37 (993 turns).

mandarbmax the Shooter (Meteoran Wanderer)           Turns: 993, Time: 00:06:38

Health: -25/35     AC:  4    Str: 16    XL:     4   Next: 98%
Magic:  5/5        EV: 11    Int: 10    God:
Gold:   89         SH:  0    Dex: 16    Spells: 3/3 levels left

rFire   . . .      SeeInvis .   a - +2 shortbow
rCold   . . .      Faith    .   (shield currently unavailable)
rNeg    . . .      Spirit   .   e - +0 leather armour
rPois   .          Reflect  .   (no helmet)
rElec   .          Harm     .   c - +0 cloak
rCorr   .          Rampage  .   (no gloves)
Will    .....                   (no boots)
Stlth   +.........              (no amulet)
HPRegen 0.11/turn               (no ring)
MPRegen 0.09/turn               (no ring)

@: glowing
A: sense surroundings 1, otherworldly, glowing, explore regen
a: no special abilities


You were on level 3 of the Dungeon.
You visited 1 branch of the dungeon, and saw 3 of its levels.

You collected 89 gold pieces.

Inventory:

Hand Weapons
 a - a +2 shortbow (weapon)
 b - a +0 hand crossbow
Armour
 c - a +0 cloak (worn)
 e - a +0 leather armour (worn)
Magical Staves
 f - a staff of conjuration
Scrolls
 d - a scroll of silence
 g - a scroll of immolation {unknown}
 h - 4 scrolls of identify
 m - a scroll of fear {unknown}
Potions
 i - 2 potions of curing {unknown}
 j - a potion of ambrosia {unknown}
 k - a potion of attraction
 l - a potion of mutation {unknown}
 n - 2 potions of degeneration {unknown}
 o - a potion of magic {unknown}
 p - a potion of berserk rage {unknown}


   Skills:
 - Level 1.1 Fighting
 + Level 5.6 Bows
 - Level 1.1 Crossbows
 - Level 1.2 Armour
 - Level 1.2 Dodging
 - Level 1.0 Stealth
 - Level 2.4 Evocations


You had 3 spell levels left.
You didn't know any spells.
Your spell library contained the following spells:

 Spells                   Type           Power      Damage    Failure   Level
 Beastly Appendage        Tmut           0%         N/A       43%         1
 Wereblood                Tmut           0%         N/A       56%         2
 Confusing Touch          Hex            0%         N/A       80%         3
 Gell's Gravitas          Tloc           0%         N/A       80%         3
 Lesser Beckoning         Tloc           0%         N/A       80%         3
 Spider Form              Tmut/Pois      0%         N/A       80%         3
 Teleport Other           Tloc           0%         N/A       80%         3
 Yara's Violent Unravell  Hex/Tmut       0%         3d3       100%        5
 Enfeeble                 Hex            0%         N/A       100%        7


Dungeon Overview and Level Annotations

Branches:
Dungeon (3/15)

Altars:

Annotations:
D:3 Natasha


Innate Abilities, Weirdness & Mutations

You passively map a small area around you.
You are easily found by Zot.
You glow in the dark.
You regain HP and MP as you explore.


Message History

Found a scroll labelled WUUDGH CI MECW.
There is a stone staircase leading up here.
Found 16 stones.
q - a scroll labelled WUUDGH CI MECW A bat comes into view.
The bat hits you.
Really attack while wielding your +2 shortbow? [Y]es or [N]o only, please.
Really attack while wielding your +2 shortbow? [Y]es or [N]o only, please.
Really attack while wielding your +2 shortbow?
Okay, then.
You shoot an arrow. The arrow hits the bat!
You kill the bat!
No target in view!
Natasha and an ogre come into view.
Natasha hisses angrily.
Natasha casts a spell at you. You resist with some effort.
You see here 16 stones.
You shoot an arrow.
The arrow hits the ogre but does no damage.
You shoot an arrow. The arrow hits the ogre!
The ogre is moderately wounded.
The ogre hits you with a +0 giant spiked club!!
Ouch! That really hurt!
You are too injured to fight recklessly!
You are too injured to fight recklessly!
Shoot: a) +2 shortbow
Press: ? - help, Q - select action Shift-Dir - straight line, f/p - ogre
Aim: an ogre, wielding a +0 giant spiked club (moderately wounded, 77% to hit)
You shoot an arrow. The arrow barely misses the ogre.
The arrow closely misses Natasha.
The ogre hits you with a +0 giant spiked club!
* * * LOW HITPOINT WARNING * * *
As you read the scroll labelled WUUDGH CI MECW, it crumbles to dust.
The scroll dissolves into smoke.
It was a scroll of fog.
The ogre hits you with a +0 giant spiked club!!
Ouch! That really hurt!
You die...

* #.# * #.#### ,
#####....######
,
...............#
.######...####.#
* ##.## * #§# ,
#§# , #@# *, #O#
** * , * #h# * *
* ,... * ,..#,*
* , .... , , *
.### , #. * * ,


You could see an ogre and Natasha.

Vanquished Creatures
  Terence (D:2)
  2 adders (D:2)
  4 bats
  An endoplasm (D:1)
  A giant cockroach (D:2)
  3 hobgoblins (D:1)
  2 quokkas (D:1)
  13 ball pythons
  3 frilled lizards
  3 goblins (D:1)
  2 kobolds (D:1)
35 creatures vanquished.

Notes
Turn   | Place    | Note
-------+----------+-------------------------------------------
     0 | D:1      | mandarbmax the Meteoran Wanderer began the quest for the
                  | Orb.
     0 | D:1      | mandarbmax set off with the following items: a +2 shortbow,
                  | a +0 hand crossbow, a +0 cloak, a scroll of silence, a +0
                  | leather armour
     0 | D:1      | Reached XP level 1. HP: 16/16 MP: 2/2
   124 | D:1      | Reached XP level 2. HP: 9/23 MP: 3/3
   162 | D:1      | Reached skill level 4 in Bows
   241 | D:1      | Reached XP level 3. HP: 28/28 MP: 4/4
   638 | D:2      | Noticed Terence
   654 | D:2      | Killed Terence
   655 | D:2      | Reached skill level 5 in Bows
   655 | D:2      | Reached XP level 4. HP: 21/35 MP: 5/5
   804 | D:2      | Found a faded altar of an unknown god.
   987 | D:3      | Noticed Natasha
   987 | D:3      | Noticed an ogre
   993 | D:3      | Annihilated by an ogre

Illustrated notes

Levels and vault maps discovered:
D:1:      minmay_arrival_semitransparent, layout_loops_ring, minmay_tall_x
D:2:      layout_basic, shapermc_ecumenical_altar_pompeii, basic_altar,
          uniq_terence
D:3:      layout_loops_ring, serial_shops, shop, kennysheep_donut, uniq_natasha

Skill      XL: |  1  2  3 |
---------------+----------+-----
Bows           | 4 5 |  5.6
Fighting       | |  1.1
Crossbows      | |  1.1
Armour         | |  1.2
Dodging        | |  1.2
Stealth        | |  1.0
Evocations     | |  2.4

Action                   |  1- 3 |  4- 6 || total
-------------------------+-------+-------++-------
 Fire: Shortbow          |    74 |    15 ||    89
  Use: Potion            |     2 |       ||     2
       Scroll            |     1 |     1 ||     2
Armor: Leather armour    |    22 |     1 ||    23
Dodge: Dodged            |    25 |     4 ||    29

Table legend: (Time is in decaauts)
 A = Elapsed time spent in this place.
 B = Non-inter-level travel time spent in this place.
 C = Inter-level travel time spent in this place.
 D = Time resting spent in this place.
 E = Time spent auto-exploring this place.
 F = Levels seen in this place.
 G = Mean time per level.
                   A        B        C        D        E       F      G
               +--------+--------+--------+--------+--------+-----+--------+
         Total |   1020 |    944 |     76 |      0 |     76 |   3 |  340.0 |
       Dungeon |   1020 |    944 |     76 |      0 |     76 |   3 |  340.0 |
               +--------+--------+--------+--------+--------+-----+--------+

Top non-repeatable levels by time:
     D:2: 509 daAuts
     D:1: 489 daAuts
     D:3: 21 daAuts
